 Dungeon Crawl Stone Soup version 0.31-a0-295-g6747c96 (webtiles) character file.

Game seed: 230944793625733256

225540 Cunctator the Basher (level 18, -1/145 HPs)
             Began as a Gnoll Reaver on June 24, 2023.
             Was an Initiate of Yredelemnul.
             Slain by a quicksilver ooze (16 damage)
             ... on level 4 of the Pits of Slime on July 16, 2023.
             The game lasted 05:34:27 (48282 turns).

Cunctator the Basher (Gnoll Reaver)                Turns: 48282, Time: 05:34:27

Health: -1/145     AC: 15    Str: 15    XL:     18   Next: 86%
Magic:  7/35       EV: 16    Int: 21    God:    Yredelemnul [......]
Gold:   1289       SH:  7    Dex: 10    Spells: 2/44 levels left

rFire   . . .        g - staff of poison
rCold   . . .        H - +0 buckler
rNeg    . . .        X - +2 robe {Will+}
rPois   +            D - +0 helmet {Int+3}
rElec   .            n - scarf {shadows}
rCorr   +            p - +2 pair of gloves
SInv    .            e - +0 pair of boots
Will    ++...        b - amulet of regeneration
Stlth   +++++        h - +4 ring of protection
HPRegen 1.24/turn    w - ring of resist corrosion
MPRegen 0.24/turn

%: random rage (3%)
@: swift, very quick
A: fangs 1, strong nose, distributed training, berserk 1, MP-powered wands
}: 2/15 runes: serpentine, barnacled
a: Renounce Religion, Recall Undead Harvest


You were on level 4 of the Pits of Slime.
You worshipped Yredelemnul.
Yredelemnul was pleased with you.
You visited 6 branches of the dungeon, and saw 32 of its levels.
You also visited: Volcano.

You collected 2859 gold pieces.
You spent 1570 gold pieces at shops.

Inventory:

Hand Weapons
 O - a +5 vampiric trident
Missiles
 i - 59 poisoned darts (quivered)
 P - 5 curare-tipped darts
Armour
 e - a +0 pair of boots (worn)
 n - a scarf of shadows (worn)
 p - a +2 pair of gloves (worn)
 D - a +0 helmet of intelligence (worn)
 H - a +0 buckler (worn)
 S - a +1 hat of willpower
 X - a +2 robe of willpower (worn)
Magical Staves
 g - a staff of poison (weapon)
 A - a staff of death
Jewellery
 b - an amulet of regeneration (around neck)
 h - a +4 ring of protection (left hand)
 w - a ring of resist corrosion (right hand)
 x - a +6 ring of dexterity
 y - a ring of willpower
 z - a ring of see invisible
 U - a ring of protection from fire
Talismans
 I - a serpent talisman
Wands
 c - a wand of mindburst (9)
 l - a wand of acid (14)
 v - a wand of digging (11)
 J - a wand of paralysis (15)
 L - a wand of roots (16)
 M - a wand of flame (46)
Scrolls
 a - 2 scrolls of amnesia
 d - 6 scrolls of identify
 j - 3 scrolls of blinking
 k - a scroll of fear
 o - 7 scrolls of teleportation
 r - a scroll of acquirement
 t - 4 scrolls of enchant armour
 C - 5 scrolls of immolation
 E - 3 scrolls of revelation
 K - 6 scrolls of fog
 T - 4 scrolls of poison
 V - 2 scrolls of enchant weapon
Potions
 f - 5 potions of magic
 m - 2 potions of ambrosia
 q - 2 potions of lignification
 s - 2 potions of attraction
 u - 5 potions of enlightenment
 G - 15 potions of curing
 N - 2 potions of resistance
 Q - 3 potions of mutation
 R - a potion of cancellation
 W - a potion of invisibility
 Y - 2 potions of heal wounds
 Z - a potion of haste
Miscellaneous
 B - a phial of floods
 F - a lightning rod (4/4)


   Skills:
 + Level 13.7 Fighting
 + Level 13.0 Short Blades
 + Level 13.0 Long Blades
 + Level 13.0 Axes
 + Level 14.4 Maces & Flails
 + Level 13.0 Polearms
 + Level 13.0 Staves
 + Level 13.0 Ranged Weapons
 + Level 13.0 Throwing
 + Level 13.0 Armour
 + Level 13.7 Dodging
 + Level 13.0 Stealth
 + Level 13.0 Shields
 + Level 13.0 Unarmed Combat
 + Level 13.9 Spellcasting
 + Level 12.2 Conjurations
 + Level 11.0 Hexes
 + Level 11.0 Summonings
 + Level 11.0 Necromancy
 + Level 11.0 Translocations
 + Level 11.0 Transmutations
 + Level 11.0 Fire Magic
 + Level 11.0 Ice Magic
 + Level 11.0 Air Magic
 + Level 11.0 Earth Magic
 + Level 11.0 Poison Magic
 + Level 14.1 Invocations
 + Level 13.0 Evocations
 + Level 11.0 Shapeshifting


You had 2 spell levels left.
You knew the following spells:

 Your Spells              Type           Power      Damage    Failure   Level
a - Kiss of Death         Conj/Necr      100%       2d13      1%          1
b - Momentum Strike       Conj/Tloc      100%       3d10      1%          2
c - Sandblast             Erth           100%       2d20      1%          1
d - Stone Arrow           Conj/Erth      100%       3d13      1%          3
e - Tukima's Dance        Hex            57%        N/A       1%          3
f - Freezing Cloud        Conj/Ice/Air   29%        6-21      1%          5
g - Yara's Violent Unrav  Hex/Tmut       28%        3d12      1%          5
h - Leda's Unmaking       Conj/Erth      29%        9d5       6%          6
i - Swiftness             Air            57%        N/A       1%          3
j - Ignite Poison         Fire/Tmut/Pois 75%        N/A       1%          3
k - Eringya's Noxious Bo  Tmut/Pois      37%        4d6       9%          6
l - Olgreb's Toxic Radia  Pois           75%        N/A       1%          4

Your spell library contained the following spells:

 Spells                   Type           Power      Damage    Failure   Level
 Apportation              Tloc           100%       N/A       1%          1
 Necrotise                Necr           100%       1d9       1%          1
 Shock                    Conj/Air       100%       1d9       1%          1
 Sting                    Tmut/Pois      100%       1d8       1%          1
 Summon Small Mammal      Summ           100%       N/A       1%          1
 Cigotuvi's Dreadful Rot  Necr/Pois/Air  100%       N/A       1%          2
 Passwall                 Tmut/Erth      47%        N/A       1%          2
 Poisonous Vapours        Pois/Air       100%       N/A       1%          2
 Sublimation of Blood     Necr           57%        N/A       1%          2
 Hailstorm                Conj/Ice       59%        3d13      1%          3
 Mephitic Cloud           Conj/Pois/Air  76%        N/A       1%          3
 Airstrike                Air            28%        2d(5-21)  1%          4
 Leda's Liquefaction      Hex/Erth       28%        N/A       1%          4
 Passage of Golubria      Tloc           57%        N/A       1%          4
 Petrify                  Tmut/Erth      57%        N/A       1%          4
 Summon Ice Beast         Ice/Summ       57%        N/A       1%          4
 Alistair's Intoxication  Tmut/Pois      50%        N/A       1%          5
 Borgnjor's Vile Clutch   Necr/Erth      28%        N/A       1%          5
 Irradiate                Conj/Tmut      29%        3d21      1%          5
 Lee's Rapid Deconstruct  Erth           28%        3d15*     1%          5
 Summon Mana Viper        Hex/Summ       57%        N/A       1%          5
 Monstrous Menagerie      Summ           28%        N/A       41%         7
 Ozocubu's Refrigeration  Ice            28%        4d13      41%         7
 Animate Dead             Necr           Unusable   N/A       N/A         4
 Death Channel            Necr           Unusable   N/A       N/A         6

Dungeon Overview and Level Annotations

Branches:
Dungeon (13/15)            Temple (0/1) D:7            Lair (4/5) D:10
 Shoals (4/4) Lair:3        Snake (4/4) Lair:3        Slime (5/5) Lair:4
    Orc (2/2) D:9             Elf (0/3) Orc:2        Vaults (0/5) D:13
Volcano (visited)

Altars:
Dithmenos
Gozag
Hepliaklqana
Kikubaaqudgha
Nemelex Xobeh
Qazlal
Sif Muna
Trog
Vehumet
Yredelemnul
The Shining One
Jiyva

Shops:
D:6 [   Orc:2 ([?[   Snake:3 *=(?   Snake:4 :=:

Portals:
Trove: D:13 (give 15 potions of curing)

Annotations:
D:6 exclusion: 2 doors
D:9 2 transporters, Dawnplanks's ghost, journeyman OgTm
D:10 exclusion: 2 doors
Slime:5 Royal Jelly


Innate Abilities, Weirdness & Mutations

You have very sharp teeth.
Your uncanny sense of smell can sniff out nearby items.
Your experience applies equally to all skills.
You sometimes lose your temper in combat.
You expend magic power (3 MP) to strengthen your wands.


Message History

There is a stone staircase leading up, spattered with blood here.
The quicksilver ooze hits you! The quicksilver ooze engulfs you!
The quicksilver ooze hits you.
You feel your power leaking away. The rockslime completely misses you.
The Royal Jelly hits you!!
* * * LOW HITPOINT WARNING * * *
You are splashed with acid.
You resist.
* * * LOW HITPOINT WARNING * * *
The Royal Jelly hits you but does no damage.
You block the quicksilver ooze's attack.
The quicksilver ooze closely misses you.
Your bound satyr shoots an arrow.
The arrow hits the rockslime.
The slime creature quivers.
You climb upwards.
The ooze engulfing you falls away.
You gasp with relief as air once again reaches your lungs.
There is a stone staircase leading down here.
Blink to where?
Press: ? - help, Dir - move target
As you read the scroll of blinking, it crumbles to dust.
As you read the scroll of fog, it dissolves into smoke.
Okay, then.
Casting: Leda's Unmaking (dangerous; 6% risk of failure)
Confirm with . or Enter, or press ? or * to list all spells.
Okay, then.
Unknown command.
Casting: Leda's Unmaking (dangerous; 6% risk of failure)
Confirm with . or Enter, or press ? or * to list all spells.
You feel quick. The quicksilver ooze hits you!
* * * LOW HITPOINT WARNING * * *
The quicksilver ooze engulfs you! The quicksilver ooze hits you!
* * * LOW HITPOINT WARNING * * *
You feel your power leaking away.
You cannot read scrolls while unable to breathe!
Unknown command.
You slip free of the ooze engulfing you.
You gasp with relief as air once again reaches your lungs.
The quicksilver ooze attacks as you move away!
The quicksilver ooze hits you!
You die...
Your body rises from the dead as a mindless zombie.

## ###.## ##....# ###
##....# ##.# ### #....#####
...##.####§§.§.#.## #.##...#
#§§@§§§..### ## ##.#.#.##
#§§J§§§.##.##.###
#.......###§§§§§§##.......#
##........#..§§§§§..........
#............§§§§§.....#....
##....#................## ..
#....###...............#
#..........<..........##
#...#........§........##


You could see a quicksilver ooze.

Vanquished Creatures
  4 acid blobs
  Aizul (Snake:1)
  2 nagarajas (Snake:4)
  4 rockslimes
  2 azure jellies
  2 formless jellyfish (Slime:2)
  An ettin (Orc:2)
  A merfolk javelineer (Shoals:4)
  5 merfolk impalers
  2 great orbs of eyes
  4 vault guards (D:13)
  2 salamander tyrants
  Fannar (D:11)
  3 hydras
  2 catoblepae
  3 centaur warriors
  A satyr (Shoals:4)
  6 two-headed ogres
  2 boulder beetles
  13 naga warriors
  3 shock serpents
  2 orc high priests (Orc:2)
  14 naga sharpshooters
  A deep elf knight (D:13)
  Sonja (Lair:3)
  A skyshark (Lair:4)
  7 salamander mystics
  5 skeletal warriors (D:13)
  4 sea snakes
  3 naga ritualists
  3 harpies (Shoals:4)
  2 orc knights (Orc:2)
  4 mana vipers
  A lindwurm (Lair:1)
  4 manticores
  An oklob plant (Lair:3)
  2 orc sorcerers
  10 salamanders
  13 fauns
  An ugly thing (D:10)
  A shining eye (Slime:1)
  A cyclops (Shoals:3)
  6 merfolk sirens
  3 elephants
  5 water nymphs
  16 black mambas
  A gargoyle (D:13)
  10 naga magi
  8 cane toads
  An eye of devastation (Slime:3)
  A kobold demonologist (D:10)
  An unseen horror (D:12)
  A freezing wraith (D:10)
  A rime drake (Lair:1)
  A tengu conjurer (D:13)
  4 komodo dragons
  A yaktaur (D:13)
  2 spectral fauns (Shoals:2)
  4 trolls
  13 merfolk
  3 wind drakes
  A queen bee (shapeshifter) (D:10)
  3 dream sheep (Shoals:3)
  5 snapping turtles
  2 blink frogs (Lair:3)
  3 shadows
  26 slime creatures
  3 wyverns
  4 water elementals
  A black mamba zombie (Snake:4)
  2 fire bats (Volcano)
  4 wraiths
  14 golden eyes
  36 yaks
  A steam dragon (Lair:3)
  2 slime creature zombies (Slime:1)
  4 vampire mosquitoes (D:13)
  A warg (Orc:2)
  A water nymph zombie (Shoals:4)
  An acid dragon (D:9)
  2 merfolk zombies (Shoals:2)
  27 nagas
  8 water moccasins
  A hell hound (Volcano)
  13 orc warriors
  3 sky beasts (D:6)
  A spectral wyvern (Lair:3)
  5 ogres
  2 black bears
  An elephant zombie (Lair:4)
  9 wolves
  9 centaurs
  A phantom (D:5)
  A naga zombie (Snake:4)
  2 kobold brigands
  A gnoll sergeant (D:10)
  13 bullfrogs
  5 scorpions
  13 wights
  5 killer bees
  2 howler monkeys (D:13)
  2 electric eels (D:9)
  5 hounds
  A jelly (D:7)
  12 orc priests
  2 sleepcaps (D:6)
  4 iguanas
  17 orc wizards
  9 adders
  2 gnolls (D:12)
  4 white imps
  3 ufetubi
  An orc zombie (Orc:2)
  4 worms
  4 dart slugs
  59 orcs
  7 bats
  10 endoplasms
  2 giant cockroaches
  4 goblins
  9 hobgoblins
  4 jackals (D:1)
  6 quokkas
  9 ball pythons
  4 frilled lizards
  16 kobolds
  10 rats
675 creatures vanquished.

Vanquished Creatures (collateral kills)
  Jorgrun (Snake:1)
  4 acid blobs
  3 nagarajas (Snake:4)
  3 azure jellies
  A formless jellyfish (Slime:2)
  5 merfolk impalers
  A great orb of eyes (Slime:1)
  2 merfolk javelineers (Shoals:4)
  A vault guard (D:13)
  A catoblepas (Lair:4)
  An alligator snapping turtle (Shoals:4)
  4 merfolk aquamancers (Shoals:4)
  An anaconda (Snake:3)
  2 boulder beetles (D:13)
  2 two-headed ogres
  5 naga warriors
  The ghost of edsrzf the Fighter, a novice DjHW of Cheibriados (D:8)
  3 shock serpents
  An orc high priest (Orc:2)
  3 naga sharpshooters
  A skyshark (Shoals:1)
  4 skeletal warriors (D:13)
  3 salamander mystics
  4 sea snakes
  A kraken simulacrum (Shoals:4)
  A naga ritualist (Snake:4)
  3 orc knights (Orc:2)
  2 lindwurms (Lair:1)
  4 harpies (Shoals:4)
  4 mana vipers
  A cyclops (D:12)
  3 shining eyes
  2 orc sorcerers (Orc:2)
  6 fauns
  5 salamanders
  4 elephants
  14 black mambas
  2 merfolk sirens
  A guardian serpent (Snake:1)
  7 naga magi
  5 water nymphs
  A gargoyle (D:13)
  2 rime drakes
  3 komodo dragons
  2 kobold demonologists (D:10)
  6 cane toads
  9 merfolk
  A wind drake (Shoals:4)
  3 trolls
  A blink frog (Lair:3)
  5 snapping turtles
  A dream sheep (Shoals:3)
  27 slime creatures
  A shadow (D:10)
  2 wyverns
  26 yaks
  A water elemental (Shoals:3)
  A wraith (D:12)
  A basilisk (Lair:3)
  6 golden eyes
  A steam dragon (Lair:4)
  4 vampire mosquitoes
  14 nagas
  An acid dragon (D:10)
  4 water moccasins
  A swamp drake (D:9)
  12 orc warriors
  A black bear (D:10)
  An ogre (Orc:1)
  An ice beast (D:6)
  A centaur (D:13)
  A wolf (Lair:2)
  3 kobold brigands
  A bullfrog (Lair:4)
  A gnoll sergeant (D:12)
  A scorpion (D:10)
  3 wights
  4 killer bees
  A howler monkey (D:10)
  A jelly (D:6)
  6 orc priests
  A sleepcap (D:6)
  6 orc wizards
  An ogre zombie (Orc:2)
  A gnoll (D:12)
  An adder (D:6)
  3 orc zombies (Orc:2)
  A white imp (D:6)
  20 orcs
  7 kobolds
  A tentacle (Shoals:4)
326 creatures vanquished.

Vanquished Creatures (others)
  A spectral elephant slug (D:13)
  A spectral merfolk (D:13)
  An ugly thing zombie (D:10)
  A shock serpent zombie (Snake:4)
  2 sea snake zombies (Shoals:4)
  A human zombie (D:13)
  2 harpy zombies (Shoals:4)
  A mana viper zombie (Snake:4)
  An ettin zombie (Orc:2)
  A boulder beetle zombie (D:13)
  5 slime creature zombies
  2 wind drake zombies (Shoals:4)
  5 dancing weapons
  9 black mamba zombies
  A faun zombie (Shoals:3)
  A naga (Snake:4)
  A two-headed ogre zombie (D:13)
  A cane toad zombie (Lair:3)
  A dream sheep zombie (Shoals:3)
  2 blink frog zombies (Lair:3)
  5 merfolk zombies
  A snapping turtle zombie (Shoals:4)
  3 vampire mosquito zombies (D:13)
  A rime drake zombie (Lair:3)
  10 salamander zombies
  A wyvern zombie (D:7)
  3 water moccasin zombies
  A warg zombie (Orc:2)
  2 troll zombies
  A queen bee zombie (D:10)
  8 yak zombies
  A wolf zombie (Lair:1)
  A bullfrog zombie (Lair:3)
  4 centaur zombies
  A basilisk zombie (Lair:3)
  A scorpion zombie (D:6)
  An orc wizard (Orc:2)
  4 killer bee zombies
  26 naga zombies
  2 hound zombies
  A steam dragon zombie (Lair:3)
  2 iguana zombies (D:6)
  2 adder zombies (D:6)
  A jelly zombie (D:6)
  2 spectral white imps
  8 kobold zombies
  46 orc zombies
  A spectral ufetubus (D:6)
  7 tentacles (Shoals:4)
187 creatures vanquished.

Grand Total: 1188 creatures vanquished

Notes
Turn   | Place    | Note
-------+----------+-------------------------------------------
     0 | D:1      | Cunctator the Gnoll Reaver began the quest for the Orb.
     0 | D:1      | Reached XP level 1. HP: 20/20 MP: 6/6
   123 | D:1      | Reached XP level 2. HP: 12/26 MP: 7/7
   191 | D:1      | Learned a level 2 spell: Momentum Strike
   554 | D:1      | Reached skill level 5 in Spellcasting
   554 | D:1      | Reached XP level 3. HP: 26/31 MP: 5/9
   955 | D:1      | Reached skill level 1 in Invocations
  1114 | D:2      | Reached skill level 1 in Short Blades
  1114 | D:2      | Reached skill level 1 in Long Blades
  1114 | D:2      | Reached skill level 1 in Axes
  1114 | D:2      | Reached skill level 1 in Polearms
  1114 | D:2      | Reached skill level 1 in Staves
  1114 | D:2      | Reached skill level 1 in Ranged Weapons
  1114 | D:2      | Reached skill level 1 in Throwing
  1114 | D:2      | Reached skill level 1 in Armour
  1114 | D:2      | Reached skill level 1 in Stealth
  1114 | D:2      | Reached skill level 1 in Shields
  1114 | D:2      | Reached skill level 1 in Unarmed Combat
  1114 | D:2      | Reached skill level 1 in Evocations
  1324 | D:2      | Reached XP level 4. HP: 27/38 MP: 8/11
  2068 | D:3      | Reached skill level 1 in Hexes
  2068 | D:3      | Reached skill level 1 in Summonings
  2068 | D:3      | Reached skill level 1 in Necromancy
  2068 | D:3      | Reached skill level 1 in Translocations
  2068 | D:3      | Reached skill level 1 in Transmutations
  2068 | D:3      | Reached skill level 1 in Fire Magic
  2068 | D:3      | Reached skill level 1 in Ice Magic
  2068 | D:3      | Reached skill level 1 in Air Magic
  2068 | D:3      | Reached skill level 1 in Earth Magic
  2068 | D:3      | Reached skill level 1 in Poison Magic
  2449 | D:3      | Found a glowing golden altar of the Shining One.
  3187 | D:4      | Noticed a scorpion
  3278 | D:4      | Learned a level 1 spell: Sandblast
  3294 | D:4      | Killed a scorpion
  3295 | D:4      | Reached XP level 5. HP: 43/43 MP: 9/12
  3886 | D:5      | Entered Level 5 of the Dungeon
  3896 | D:5      | Reached XP level 6. HP: 50/50 MP: 7/13
  4004 | D:5      | Reached skill level 5 in Fighting
  4004 | D:5      | Reached skill level 5 in Dodging
  4147 | D:5      | Noticed a black bear
  4350 | D:5      | Reached XP level 7. HP: 39/56 MP: 12/15
  4640 | D:5      | Found an ancient bone altar of Kikubaaqudgha.
  4780 | D:5      | Found a hazy altar of Hepliaklqana.
  4780 | D:5      | Found a radiant altar of Vehumet.
  4781 | D:5      | Found a basalt altar of Yredelemnul.
  4861 | D:5      | Found a shadowy altar of Dithmenos.
  5202 | D:6      | Noticed a wyvern
  5394 | D:6      | Reached XP level 8. HP: 25/60 MP: 9/16
  6065 | D:6      | Found Modipokh's Armour Boutique.
  6095 | D:5      | Became a worshipper of Yredelemnul the Dark
  6128 | D:6      | Bought a +0 helmet of intelligence for 172 gold pieces
  6398 | D:6      | Reached * piety under Yredelemnul
  6694 | D:6      | Reached XP level 9. HP: 41/69 MP: 10/18
  6792 | D:6      | Learned a level 3 spell: Stone Arrow
  8077 | D:7      | Found a staircase to the Ecumenical Temple.
  8130 | D:7      | Reached skill level 5 in Invocations
  8301 | D:7      | Found a shimmering blue altar of Sif Muna.
  9111 | D:8      | Reached ** piety under Yredelemnul
  9345 | D:8      | Found a runed translucent door.
  9346 | D:8      | Noticed edsrzf's ghost (novice DjHW)
  9390 | D:8      | Killed edsrzf's ghost
  9391 | D:8      | Reached skill level 5 in Short Blades
  9391 | D:8      | Reached skill level 5 in Long Blades
  9391 | D:8      | Reached skill level 5 in Axes
  9391 | D:8      | Reached skill level 5 in Polearms
  9391 | D:8      | Reached skill level 5 in Staves
  9391 | D:8      | Reached skill level 5 in Ranged Weapons
  9391 | D:8      | Reached skill level 5 in Throwing
  9391 | D:8      | Reached skill level 5 in Armour
  9391 | D:8      | Reached skill level 5 in Stealth
  9391 | D:8      | Reached skill level 5 in Shields
  9391 | D:8      | Reached skill level 5 in Unarmed Combat
  9391 | D:8      | Reached skill level 5 in Evocations
  9391 | D:8      | Reached XP level 10. HP: 31/79 MP: 3/20
  9881 | D:8      | Found an opulent altar of Gozag.
  9881 | D:8      | Found a sparkling altar of Nemelex Xobeh.
  9955 | D:9      | Found a transporter.
  9959 | D:9      | Noticed Dawnplanks's ghost (journeyman OgTm)
  9960 | D:9      | Noticed a moth of wrath
  9988 | D:9      | Found a transporter.
 10021 | D:9      | Identified the +8 rapier of the Elven Halls {drain, *Noise
                  | rPois Str+3}
 11247 | D:9      | Found a staircase to the Orcish Mines.
 11640 | D:9      | Noticed a manticore
 11708 | D:10     | Entered Level 10 of the Dungeon
 11725 | D:10     | Reached skill level 5 in Hexes
 11725 | D:10     | Reached skill level 5 in Summonings
 11725 | D:10     | Reached skill level 5 in Necromancy
 11725 | D:10     | Reached skill level 5 in Translocations
 11725 | D:10     | Reached skill level 5 in Transmutations
 11725 | D:10     | Reached skill level 5 in Fire Magic
 11725 | D:10     | Reached skill level 5 in Ice Magic
 11725 | D:10     | Reached skill level 5 in Air Magic
 11725 | D:10     | Reached skill level 5 in Earth Magic
 11725 | D:10     | Reached skill level 5 in Poison Magic
 11725 | D:10     | Reached XP level 11. HP: 85/85 MP: 19/22
 12161 | D:10     | Noticed a boulder beetle
 12232 | D:10     | Noticed a soul eater
 12244 | D:10     | Noticed a two-headed ogre
 12260 | D:10     | Killed a two-headed ogre
 12516 | D:10     | Killed a boulder beetle
 12793 | D:10     | Noticed a two-headed ogre
 12800 | D:10     | Killed a two-headed ogre
 12860 | D:10     | Noticed a red ugly thing
 12863 | D:10     | Noticed a two-headed ogre
 12994 | Orc:1    | Entered Level 1 of the Orcish Mines
 13550 | Orc:1    | You fall into a shaft and drop 1 floor!
 13550 | Orc:2    | Entered Level 2 of the Orcish Mines
 13550 | Orc:2    | Noticed an orc knight
 13559 | Orc:2    | Noticed an ettin
 14238 | D:10     | HP: 3/87 [red ugly thing (18)]
 14244 | D:10     | Killed a red ugly thing
 14248 | D:10     | Noticed a two-headed ogre
 14264 | D:10     | Killed a two-headed ogre
 14701 | D:10     | Found a bloodstained altar of Trog.
 14702 | D:10     | Found a stormy altar of Qazlal.
 14782 | D:10     | Reached XP level 12. HP: 89/94 MP: 17/24
 14896 | D:10     | Reached *** piety under Yredelemnul
 15036 | D:10     | Reached **** piety under Yredelemnul
 15356 | D:10     | Killed a two-headed ogre
 15466 | D:10     | Found a staircase to the Lair.
 15741 | Lair:1   | Entered Level 1 of the Lair of Beasts
 15829 | Lair:1   | Reached skill level 10 in Maces & Flails
 16238 | Lair:1   | Found a dark tunnel.
 16270 | Volcano  | Entered a volcano
 16402 | Volcano  | Learned a level 3 spell: Tukima's Dance
 16408 | Volcano  | Learned a level 5 spell: Freezing Cloud
 17571 | Lair:1   | Reached XP level 13. HP: 89/101 MP: 19/26
 17770 | Lair:1   | Reached ***** piety under Yredelemnul
 17775 | Lair:1   | Reached ****** piety under Yredelemnul
 18887 | Lair:2   | Reached skill level 10 in Spellcasting
 20197 | Lair:3   | Noticed Sonja
 20227 | Lair:3   | Killed Sonja
 20385 | Lair:3   | Reached skill level 10 in Fighting
 20385 | Lair:3   | Reached skill level 10 in Dodging
 20423 | Lair:3   | Found a shadowy altar of Dithmenos.
 20720 | Lair:3   | Your ally Sonja died
 21085 | Lair:3   | Found a staircase to the Snake Pit.
 21312 | Lair:3   | Noticed Gastronok
 21721 | Lair:3   | Found a staircase to the Shoals.
 21762 | Lair:3   | Killed Gastronok
 21762 | Lair:3   | Enslaved Gastronok
 22013 | Lair:3   | Upgraded the game from 0.31-a0-196-g86fe4a5 to
                  | 0.31-a0-198-g2ad674f
 22486 | Lair:4   | Reached skill level 10 in Invocations
 22486 | Lair:4   | Reached XP level 14. HP: 110/110 MP: 13/28
 23637 | Lair:4   | Found a staircase to the Slime Pits.
 23637 | Lair:4   | Found a viscous altar of Jiyva.
 23983 | Lair:4   | Upgraded the game from 0.31-a0-198-g2ad674f to
                  | 0.31-a0-210-gccc998d
 23983 | Lair:4   | Upgraded the game from 0.31-a0-210-gccc998d to
                  | 0.31-a0-216-g22e908d
 24198 | Orc:1    | Learned a level 5 spell: Yara's Violent Unravelling
 24310 | Orc:2    | Gained mutation: You are frail. (-10% HP) [you]
 24547 | Orc:2    | Found a staircase to the Elven Halls.
 25548 | Orc:2    | Found Hyxta's Weapon Boutique.
 25548 | Orc:2    | Found Pamegic's Armour Emporium.
 25550 | Orc:2    | Found Kimaususky's Antique Armour Boutique.
 25550 | Orc:2    | Found Ejupuag's Magic Scroll Emporium.
 26603 | D:11     | Reached skill level 10 in Conjurations
 26728 | D:11     | Noticed Fannar
 26744 | D:11     | Killed Fannar
 26825 | D:11     | Lost mutation: You are frail. (-10% HP) [potion of
                  | mutation]
 26825 | D:11     | Gained mutation: You expend magic power (3 MP) to
                  | strengthen your wands. [potion of mutation]
 27127 | D:11     | Upgraded the game from 0.31-a0-216-g22e908d to
                  | 0.31-a0-295-g6747c96
 27579 | D:12     | Reached skill level 10 in Short Blades
 27579 | D:12     | Reached skill level 10 in Long Blades
 27579 | D:12     | Reached skill level 10 in Axes
 27579 | D:12     | Reached skill level 10 in Polearms
 27579 | D:12     | Reached skill level 10 in Staves
 27579 | D:12     | Reached skill level 10 in Ranged Weapons
 27579 | D:12     | Reached skill level 10 in Throwing
 27579 | D:12     | Reached skill level 10 in Armour
 27579 | D:12     | Reached skill level 10 in Stealth
 27579 | D:12     | Reached skill level 10 in Shields
 27579 | D:12     | Reached skill level 10 in Unarmed Combat
 27579 | D:12     | Reached skill level 10 in Evocations
 28423 | D:13     | Identified the +1 scale mail "Jiteuryq" {rElec Dex+6}
 28468 | D:13     | Reached XP level 15. HP: 71/118 MP: 18/30
 28508 | D:13     | Your ally Gastronok died
 28886 | D:13     | Found a portal to a secret trove of treasure.
 30131 | D:13     | Found a gate to the Vaults.
 30605 | Shoals:1 | Entered Level 1 of the Shoals
 34312 | Shoals:3 | Reached XP level 16. HP: 87/127 MP: 31/31
 35505 | Snake:1  | Entered Level 1 of the Snake Pit
 35509 | Snake:1  | Noticed Aizul
 35515 | Snake:1  | Noticed Jorgrun
 35520 | Snake:1  | Killed Aizul
 35534 | Snake:1  | Killed Jorgrun
 35592 | Snake:1  | Learned a level 6 spell: Leda's Unmaking
 37735 | Snake:2  | Identified a scroll of acquirement
 38785 | Snake:3  | Learned a level 3 spell: Swiftness
 39147 | Snake:3  | Found Ulo Ube's Magic Scroll Shoppe.
 39151 | Snake:3  | Found Oluih's Jewellery Shoppe.
 39152 | Snake:3  | Found Evomor's Assorted Antiques.
 39153 | Snake:3  | Found Ufoineda's Antique Weapon Shoppe.
 39166 | Snake:3  | Bought a scroll of fog for 84 gold pieces
 39172 | Snake:3  | Bought a scroll of blinking for 247 gold pieces
 39172 | Snake:3  | Bought a potion of attraction for 99 gold pieces
 39381 | Snake:3  | Reached XP level 17. HP: 135/135 MP: 33/33
 39917 | Snake:4  | Entered Level 4 of the Snake Pit
 40291 | Snake:4  | Found an opulent altar of Gozag.
 40297 | Snake:4  | Reached skill level 10 in Hexes
 40297 | Snake:4  | Reached skill level 10 in Summonings
 40297 | Snake:4  | Reached skill level 10 in Necromancy
 40297 | Snake:4  | Reached skill level 10 in Translocations
 40297 | Snake:4  | Reached skill level 10 in Transmutations
 40297 | Snake:4  | Reached skill level 10 in Fire Magic
 40297 | Snake:4  | Reached skill level 10 in Ice Magic
 40297 | Snake:4  | Reached skill level 10 in Air Magic
 40297 | Snake:4  | Reached skill level 10 in Earth Magic
 40297 | Snake:4  | Reached skill level 10 in Poison Magic
 40297 | Snake:4  | Reached skill level 10 in Shapeshifting
 40936 | Snake:4  | Found Qeddejel's Book Boutique.
 40937 | Snake:4  | Found Veppom's Jewellery Shoppe.
 40939 | Snake:4  | Found Ydorel's Book Boutique.
 40965 | Snake:4  | Bought the Compilation of Cheese for 968 gold pieces
 41068 | Snake:4  | Learned a level 3 spell: Ignite Poison
 41075 | Snake:4  | Learned a level 6 spell: Eringya's Noxious Bog
 42190 | Snake:4  | Got a serpentine rune of Zot
 43333 | Shoals:4 | Entered Level 4 of the Shoals
 43485 | Shoals:4 | Identified the +0 trident "Inaekidd" {heavy, rF+}
 44146 | Shoals:4 | Identified the +1 plate armour of the Unbroken {rN+ Slay+2}
 44179 | Shoals:4 | Reached XP level 18. HP: 124/143 MP: 19/35
 44449 | Shoals:4 | Got a barnacled rune of Zot
 45136 | Slime:1  | Entered Level 1 of the Pits of Slime
 45247 | Lair:4   | Learned a level 4 spell: Olgreb's Toxic Radiance
 47711 | Slime:4  | Gained mutation: You sometimes lose your temper in combat.
                  | [a shining eye]
 47940 | Slime:5  | Entered Level 5 of the Pits of Slime
 48052 | Slime:5  | Noticed the Royal Jelly
 48282 | Slime:4  | Slain by a quicksilver ooze

Illustrated notes

Levels and vault maps discovered:
D:1:      saegor_arrival_simple_c, layout_basic, st_stairs_1, chequers_jeans
D:2:      layout_basic
D:3:      layout_basic, mainiacjoe_overflow_six_doors_small
D:4:      layout_rooms, grunt_ministairs_4, minmay_tree_intersection,
          grunt_decor_fettered
D:5:      layout_cave_pools, mainiacjoe_overflow_alcove_1,
          mainiacjoe_overflow_brackets, nicolae_overflow_hidden_temple
D:6:      minmay_bubble_buster, layout_basic, serial_shops,
          nicolae_stop_n_shop_2, kennysheep_generic_room_3
D:7:      layout_loops_cross, led_sif_book, minmay_temple_entry_enclosed_plants,
          serial_co_window_serial, co_window_of_opportunity_a,
          co_window_of_opportunity_a, co_window_corner_a, co_window_paths_a,
          co_window_paths_a, co_window_corner_b, co_window_broadway_c,
          co_window_corner_ca, co_window_2corner, co_window_paths_d,
          glass_columns_c, small_statue_intersection
D:8:      layout_basic, grunt_temple_overflow_opulence, gammafunk_ghost_grave
D:9:      layout_basic, erik_orc_1, gammafunk_ghost_berserking_beasts,
          minmay_misc_feat_tower
D:10:     cheibrodos_ideogram_h, layout_layer_cave,
          gammafunk_temple_overflow_pools, grunt_lair_entry_orc_guard_hut
D:11:     layout_cave_pools, uniq_fannar
D:12:     layout_grid_maze
D:13:     layout_roguey, grunt_vaults_entry_fortified, enter_trove_2
Lair:1:   layout_gridlike, nicolae_volcano_entry_vermiform,
          nicolae_lair_lindhole, infiniplex_staircase_pool_2,
          grunt_megastairs_5, serial_bayou_shore_b
Lair:2:   layout_roguey, st_stairs_4, hangedman_lair_unloving_vines,
          lemuel_fruit_tree
Lair:3:   layout_big_grid, elwin_shoals_entry_stream,
          minmay_snake_entry_guardpost_medium, chequers_serial_rivers_room_a,
          lemuel_oklob_altar, infiniplex_staircase_pool, serial_bayou_shore_b,
          uniq_gastronok, uniq_sonja
Lair:4:   layout_regular_city, slime_entry_1, gauntlet_entry_generic,
          lookout_lair_type, bh_autumn_forest_stairs, grunt_megastairs_3
Shoals:1: layout_shoals
Shoals:2: layout_shoals
Shoals:3: layout_shoals
Shoals:4: shoals_end_grunt_ice, layout_shoals, nicolae_shoals_mertower
Snake:1:  layout_onion, uniq_jorgrun, uniq_aizul
Snake:2:  layout_chambers, nicolae_snake_squiggles, nicolae_large_snake_swirl
Snake:3:  layout_basic, minmay_shop_grid_forest
Snake:4:  snake_pit, layout_cave_town, basic_altar, nicolae_triple_integral,
          minmay_shop_grove
Slime:1:  layout_caves
Slime:2:  layout_caves
Slime:3:  layout_caves
Slime:4:  layout_caves, cheibrodos_slime_lost_civilization_7
Slime:5:  slime_pit
Orc:1:    layout_caves
Orc:2:    grunt_orc_tribal_feast, layout_caves

Skill      XL: |  1  2  3  4  5  6  7  8  9 10 11 12 13 14 15 16 17 18 |
---------------+-------------------------------------------------------+-----
Spellcasting   | 5 6 7 8 9 10 11 12 13 | 13.9
Invocations    | 1 2 3 4 5 6 7 8 10 11 12 13 14 | 14.1
Short Blades   | 1 2 3 5 6 7 8 9 10 11 12 13 | 13.0
Long Blades    | 1 2 3 5 6 7 8 9 10 11 12 13 | 13.0
Axes           | 1 2 3 5 6 7 8 9 10 11 12 13 | 13.0
Polearms       | 1 2 3 5 6 7 8 9 10 11 12 13 | 13.0
Staves         | 1 2 3 5 6 7 8 9 10 11 12 13 | 13.0
Ranged Weapons | 1 2 3 5 6 7 8 9 10 11 12 13 | 13.0
Throwing       | 1 2 3 5 6 7 8 9 10 11 12 13 | 13.0
Armour         | 1 2 3 5 6 7 8 9 10 11 12 13 | 13.0
Stealth        | 1 2 3 5 6 7 8 9 10 11 12 13 | 13.0
Shields        | 1 2 3 5 6 7 8 9 10 11 12 13 | 13.0
Unarmed Combat | 1 2 3 5 6 7 8 9 10 11 12 13 | 13.0
Evocations     | 1 2 3 5 6 7 8 9 10 11 12 13 | 13.0
Hexes          | 1 2 3 4 5 6 7 8 9 10 11 | 11.0
Summonings     | 1 2 3 4 5 6 7 8 9 10 11 | 11.0
Necromancy     | 1 2 3 4 5 6 7 8 9 10 11 | 11.0
Translocations | 1 2 3 4 5 6 7 8 9 10 11 | 11.0
Transmutations | 1 2 3 4 5 6 7 8 9 10 11 | 11.0
Fire Magic     | 1 2 3 4 5 6 7 8 9 10 11 | 11.0
Ice Magic      | 1 2 3 4 5 6 7 8 9 10 11 | 11.0
Air Magic      | 1 2 3 4 5 6 7 8 9 10 11 | 11.0
Earth Magic    | 1 2 3 4 5 6 7 8 9 10 11 | 11.0
Poison Magic   | 1 2 3 4 5 6 7 8 9 10 11 | 11.0
Fighting       | 5 6 7 8 9 10 11 12 13 | 13.7
Dodging        | 5 6 7 8 9 10 11 12 13 | 13.7
Maces & Flails | 7 8 9 10 11 12 13 14 | 14.4
Conjurations   | 6 7 8 9 10 11 12 | 12.2
Shapeshifting  | 9 10 11 | 11.0

Action                     |  1- 3 |  4- 6 |  7- 9 | 10-12 | 13-15 | 16-18 || total
---------------------------+-------+-------+-------+-------+-------+-------++-------
  Melee: Mace              |    65 |       |       |       |       |       ||    65
         Bite              |    16 |    16 |    30 |    58 |    72 |    42 ||   234
         Punch             |     1 |     2 |    12 |    35 |       |       ||    50
         Dagger            |   102 |   142 |       |       |       |       ||   244
         Morningstar       |       |    30 |       |       |       |       ||    30
         Short sword       |       |     6 |   248 |   383 |       |       ||   637
         Halberd           |       |       |       |    36 |   537 |       ||   573
         Trident           |       |       |       |       |   192 |    86 ||   278
         Unarmed           |       |       |       |       |       |   220 ||   220
         Constrict         |       |       |       |       |       |    65 ||    65
         Staff             |       |       |       |       |       |   114 ||   114
  Throw: Dart              |       |     4 |     8 |    10 |    10 |       ||    32
   Cast: Momentum Strike   |     8 |    11 |    38 |    30 |    20 |     1 ||   108
         Sandblast         |       |    20 |    42 |     6 |    26 |    14 ||   108
         Kiss of Death     |       |     1 |     1 |       |       |       ||     2
         Stone Arrow       |       |       |    15 |   101 |   214 |   101 ||   431
         Freezing Cloud    |       |       |       |     4 |    28 |    46 ||    78
         Tukima's Dance    |       |       |       |       |    13 |       ||    13
         Yara's Violent Un |       |       |       |       |     7 |       ||     7
         Leda's Unmaking   |       |       |       |       |       |    85 ||    85
         Eringya's Noxious |       |       |       |       |       |    12 ||    12
         Ignite Poison     |       |       |       |       |       |     7 ||     7
         Olgreb's Toxic Ra |       |       |       |       |       |     5 ||     5
         Swiftness         |       |       |       |       |       |     2 ||     2
 Invoke: Dark Bargain      |       |       |     1 |     9 |     5 |     5 ||    20
         Recall Undead Har |       |       |     1 |       |    14 |    10 ||    25
         Drain Life        |       |       |       |     1 |     1 |     1 ||     3
         Bind Soul         |       |       |       |       |     6 |     1 ||     7
Ability: Begin Untransform |       |       |       |       |       |     3 ||     3
  Evoke: Wand              |       |       |       |     1 |     1 |     7 ||     9
         Lightning rod     |       |       |       |       |       |     3 ||     3
         Phial of floods   |       |       |       |       |       |     1 ||     1
    Use: Scroll            |       |     4 |     9 |     2 |    15 |    10 ||    40
         Potion            |       |     3 |     1 |     6 |     9 |     1 ||    20
   Stab: Sleeping          |       |     3 |     4 |     3 |    28 |     9 ||    47
         Distracted        |       |       |       |     4 |    17 |    10 ||    31
         Petrifying        |       |       |       |       |     1 |       ||     1
         Fleeing           |       |       |       |       |       |     7 ||     7
 Armour: Leather armour    |    56 |    63 |    90 |   137 |   133 |       ||   479
         Skin              |       |       |     1 |     2 |       |    83 ||    86
         Scale mail        |       |       |       |       |    94 |    16 ||   110
         Robe              |       |       |       |       |       |    23 ||    23
  Dodge: Dodged            |   103 |   154 |   193 |   347 |   502 |   302 ||  1601
  Block: Kite shield       |       |       |       |       |    97 |    66 ||   163
         Buckler           |       |       |       |       |       |    24 ||    24
   Form: Anaconda          |       |       |       |       |       |     6 ||     6
                           |       |       |       |       |       |     3 ||     3

Table legend: (Time is in decaauts)
 A = Elapsed time spent in this place.
 B = Non-inter-level travel time spent in this place.
 C = Inter-level travel time spent in this place.
 D = Time resting spent in this place.
 E = Time spent auto-exploring this place.
 F = Levels seen in this place.
 G = Mean time per level.
                   A        B        C        D        E       F      G
               +--------+--------+--------+--------+--------+-----+--------+
         Total |  54517 |  50179 |   4338 |   9473 |  30332 |  33 | 1652.0 |
       Dungeon |  21831 |  19909 |   1922 |   2664 |  13076 |  13 | 1679.3 |
          Lair |   9184 |   8071 |   1113 |   1281 |   5202 |   4 | 2296.0 |
        Shoals |   6647 |   6123 |    524 |   1125 |   3364 |   4 | 1661.8 |
     Snake Pit |   9788 |   9504 |    284 |   2148 |   5846 |   4 | 2447.0 |
    Slime Pits |   3256 |   3074 |    182 |   1025 |   1390 |   5 |  651.2 |
  Orcish Mines |   2963 |   2652 |    311 |    708 |   1412 |   2 | 1481.5 |
       Volcano |    846 |    846 |      0 |    522 |     40 |   1 |  846.0 |
               +--------+--------+--------+--------+--------+-----+--------+

Top non-repeatable levels by time:
    D:10: 3289 daAuts
 Snake:4: 2912 daAuts
 Snake:3: 2889 daAuts
  Lair:4: 2858 daAuts
 Snake:2: 2656 daAuts
    D:13: 2500 daAuts
  Lair:3: 2484 daAuts
     D:9: 2301 daAuts
     D:6: 2269 daAuts
   Orc:2: 2262 daAuts
  Lair:1: 2236 daAuts
    D:12: 2139 daAuts
Shoals:4: 1967 daAuts
Shoals:1: 1784 daAuts
  Lair:2: 1605 daAuts
